cohdb
Replays
Latest Replays
All Replays
Popular Replays
Top Player Replays
Match Explorer
How It Works
Community
CoH3 Stats
Reddit
Sign in to upload your games and track your stats! →
Sign in with Steam
Match 42064887
Unlisted
Match 42064887
Overview
Messages
Build Orders
End
Construct Section Command Post
Infantry Section
Infantry Section
Vickers Machine Gun Team
Infantry Section
Construct Platoon Command Post
Humber Armored Car
Selects Heavy Armor Battlegroup
Selects Rigorous Vehicle Training
Construct Field Infirmary
Selects Light Vehicle Withdraw and Refit
Light Vehicle Withdraw and Refit
Unlock M3 Stuart Light Tanks
Royal Engineer Section
M3 Stuart Light Tank
Grenade Package
6-pounder Anti-tank Gun Team
Infantry Training
Vickers Machine Gun Team
Construct Company Command Post
Selects Forward Repair Assembly
Selects UNKNOWN (2162094)
Crusader II Medium Tank
Nostalgi@
*Mule
0
0
Comments
sign in to comment!
No comments posted yet!